 Dungeon Crawl Stone Soup version 0.26-a0-638-gcca6ad1b57 (webtiles) character file.

Game seed: 4378115991050439638

186 DogServant the Skirmisher (level 5, -1/50 HPs)
             Began as a Minotaur Fighter on Sept 14, 2020.
             Splashed by Ijyb's acid (18 damage)
             ... on level 3 of the Dungeon.
             The game lasted 00:02:58 (2279 turns).

DogServant the Skirmisher (Minotaur Fighter)        Turns: 2279, Time: 00:02:58

Health: -1/50      AC:  4    Str: 22    XL:     5   Next: 38%
Magic:  4/4        EV:  7    Int:  5    God:
Gold:   143        SH:  9    Dex:  9    Spells: 4/4 levels left

rFire    . . .     SeeInvis .   a - +0 flail
rCold    . . .     Faith    .   c - +0 kite shield
rNeg     . . .     Spirit   .   b - +0 scale mail
rPois    .         Reflect  .   (helmet restricted)
rElec    .         Harm     .   m - +0 cloak
rCorr    .         Rampage  .   (no gloves)
MR       .....                  (no boots)
Stlth    ..........             (no amulet)
HPRegen  0.16/turn              (no ring)
MPRegen  0.09/turn              (no ring)

@: corroded
A: retaliatory headbutt, horns 2
a: no special abilities


You were on level 3 of the Dungeon.
You visited 1 branch of the dungeon, and saw 3 of its levels.

You collected 143 gold pieces.

Inventory:

Hand Weapons
 a - a +0 flail (weapon)
Armour
 b - a +0 scale mail (worn)
 c - a +0 kite shield (worn)
 m - a +0 cloak (worn)
Scrolls
 f - a scroll of magic mapping {unknown}
 g - a scroll of teleportation {unknown}
 h - 3 scrolls of identify {unknown}
 i - a scroll of fear {unknown}
 j - 2 scrolls of fog {unknown}
 k - 2 scrolls of immolation {unknown}
 n - a scroll of random uselessness {unknown}
Potions
 d - 3 potions of might
 e - a potion of flight {unknown}
 l - 2 potions of curing {unknown}
 o - a potion of ambrosia {unknown}


   Skills:
 + Level 5.7 Fighting
 + Level 4.8 Maces & Flails
 - Level 3.9 Armour
 - Level 3.8 Shields


You had 4 spell levels left.
You didn't know any spells.
Your spell library was empty.

Dungeon Overview and Level Annotations

Branches:
Dungeon (3/15)

Altars:
Sif Muna

Annotations:
D:3 Ijyb


Innate Abilities, Weirdness & Mutations

You reflexively headbutt those who attack you in melee.
You have a pair of horns on your head.


Message History

Ijyb is severely wounded.
Ijyb screams, "Get away!"
Ijyb hits you but does no damage.
You closely miss Ijyb. Your headbutt misses Ijyb.
Ijyb is severely wounded.
Ijyb hits you but does no damage.
You hit Ijyb but do no damage. You headbutt Ijyb.
Ijyb is almost dead.
You block Ijyb's attack.
The orc wizard casts a spell.
The orc wizard flickers and vanishes!
Deactivating autopickup; reactivate with Ctrl-A.
You closely miss Ijyb.
Ijyb is almost dead.
Ijyb zaps a wand.
The bolt of acid hits you!
You are splashed with acid!
You closely miss Ijyb.
Ijyb is almost dead.
Ijyb zaps a wand.
The bolt of acid hits you! The acid corrodes you!
You are splashed with acid!!
You die...

#
##.......[...#####...####.###
#####............#
#...).....<#
##...............#
#.#.........
##.##.......####.#
#.#.####.#.# ##.###.....##
#.# #.#.# #.#.# ##.# ##....#
##.## ..#.# #.#.# ##.# ####.#
##...## .##.# ##.#.#
##.#######.# #.._..### #.#
#..... ...........###.8@8.#
#.# #..#.#
##.#######...###g### #..#.#
#.# #.### ... #..#.# #.# #.#
#...# #..... #.# #.# #≈≈≈#
...... #.# #.# #.{o# .#.#...
#.### #.# ##### #... #...#
#.# ..... #.#.# #.# #####
#.....


You could see Ijyb and an orc wizard.

Vanquished Creatures
  3 orc priests (D:3)
  Robin (D:2)
  An adder (D:3)
  An ooze (D:1)
  A worm (D:2)
  4 dart slugs
  5 orcs (D:3)
  5 bats (D:1)
  4 giant cockroaches
  10 goblins
  10 hobgoblins
  5 frilled lizards
  6 kobolds
  5 rats (D:1)
61 creatures vanquished.

Notes
Turn   | Place    | Note
-------+----------+-------------------------------------------
     0 | D:1      | DogServant the Minotaur Fighter began the quest for the
                  | Orb.
     0 | D:1      | Reached XP level 1. HP: 19/19 MP: 0/0
   117 | D:1      | Reached XP level 2. HP: 21/27 MP: 1/1
   287 | D:1      | Reached skill level 4 in Fighting
   453 | D:1      | Reached XP level 3. HP: 33/33 MP: 2/2
   766 | D:2      | Noticed Robin
   786 | D:2      | Killed Robin
   960 | D:2      | Reached XP level 4. HP: 39/41 MP: 3/3
  1607 | D:3      | Found a faded altar of an unknown god.
  1652 | D:3      | Reached skill level 5 in Fighting
  1974 | D:3      | Found a shimmering blue altar of Sif Muna.
  2059 | D:3      | Reached XP level 5. HP: 37/48 MP: 4/4
  2269 | D:3      | Noticed Ijyb
  2279 | D:3      | Splashed by Ijyb's acid

Illustrated notes

Levels and vault maps discovered:
D:1:      co_arrival_hexagon_in_a_hexagon, layout_basic,
          chequers_serial_rivers_room_b
D:2:      layout_loops_corners, uniq_robin
D:3:      layout_loops_ring, serial_forest, infiniplex_forest_lined_room_3,
          infiniplex_forest_straight_2, infiniplex_forest_clump_medium,
          infiniplex_forest_straight_1, infiniplex_forest_straight_3,
          chequers_ecumenical_altar_island, led_sif_book, uniq_ijyb

Skill      XL: |  1  2  3  4 |
---------------+-------------+-----
Fighting       | 4 5 |  5.7
Maces & Flails | 3 4 |  4.8
Armour         | |  3.9
Shields        | |  3.8

Action                   |  1- 3 |  4- 6 || total
-------------------------+-------+-------++-------
Melee: Flail             |   103 |    73 ||   176
       Headbutt          |    10 |     6 ||    16
Armor: Scale mail        |    47 |    23 ||    70
Dodge: Dodged            |    31 |    15 ||    46
Block: Kite shield       |    59 |    26 ||    85

Table legend: (Time is in decaauts)
 A = Elapsed time spent in this place.
 B = Non-inter-level travel time spent in this place.
 C = Inter-level travel time spent in this place.
 D = Time resting spent in this place.
 E = Time spent auto-exploring this place.
 F = Levels seen in this place.
 G = Mean time per level.
                   A        B        C        D        E       F      G
               +--------+--------+--------+--------+--------+-----+--------+
         Total |   2335 |   2250 |     85 |      0 |   1820 |   3 |  778.3 |
       Dungeon |   2335 |   2250 |     85 |      0 |   1820 |   3 |  778.3 |
               +--------+--------+--------+--------+--------+-----+--------+

Top non-repeatable levels by time:
     D:2: 902 daAuts
     D:1: 737 daAuts
     D:3: 695 daAuts
